 Dungeon Crawl Stone Soup version 0.31.0-12-g77e489cdc1 (webtiles) character file.

Game seed: 14409252499903186332

415 Silvore the Slasher (level 6, -1/48 HPs)
             Began as a Demonspawn Fighter on Feb 12, 2024.
             Slain by an ogre
             ... wielding a +0 giant club
              (23 damage)
             ... on level 4 of the Dungeon.
             The game lasted 00:05:08 (3024 turns).

Silvore the Slasher (Demonspawn Fighter)            Turns: 3024, Time: 00:05:08

Health: -1/48      AC: 15    Str: 18    XL:     6   Next: 60%
Magic:  6/6        EV:  7    Int:  8    God:
Gold:   163        SH:  4    Dex: 13    Spells: 5/5 levels left

rFire   . . .        a - +1 long sword
rCold   . . .        c - +0 buckler
rNeg    . . .        h - +0 chain mail
rPois   .            p - +2 helmet
rElec   .            (no cloak)
rCorr   .            r - +0 pair of gloves
SInv    .            (no boots)
Will    .....        (no amulet) Stlth
                     (no ring)
HPRegen 0.28/turn    (no ring)
MPRegen 0.10/turn

%: no passive effects
@: no status effects
A: ignite blood 1, sharp scales 2, weakness stinger 2
a: no special abilities


You were on level 4 of the Dungeon.
You visited 1 branch of the dungeon, and saw 4 of its levels.

You collected 163 gold pieces.

Inventory:

Hand Weapons
 a - a +1 long sword (weapon)
Armour
 b - a +0 scale mail
 c - a +0 buckler (worn)
 h - a +0 chain mail (worn)
 p - a +2 helmet (worn)
 r - a +0 pair of gloves (worn)
Wands
 q - a wand of quicksilver (7)
Scrolls
 g - a scroll of teleportation
 k - a scroll of torment
 l - a scroll of vulnerability
 n - 2 scrolls of poison
 s - a scroll of fog {unknown}
Potions
 d - 3 potions of might
 e - 3 potions of attraction
 f - a potion of resistance {unknown}
 i - 2 potions of heal wounds {unknown}
 j - 3 potions of mutation
 m - a potion of magic {unknown}
 o - a potion of haste {unknown}


   Skills:
 + Level 3.7 Fighting
 + Level 4.8 Long Blades
 + Level 3.9 Armour
 + Level 1.0 Dodging
 + Level 0.1 Stealth
 + Level 3.3 Shields


You had 5 spell levels left.
You didn't know any spells.
Your spell library contained the following spells:

 Spells                   Type           Power      Damage    Failure   Level
 Call Canine Familiar     Summ           0%         N/A       100%        3
 Frozen Ramparts          Ice            0%         1d1       100%        3
 Inner Flame              Hex/Fire       0%         N/A       100%        3
 Sigil of Binding         Hex            0%         N/A       100%        3
 Dimensional Bullseye     Hex/Tloc       0%         N/A       100%        4
 Leda's Liquefaction      Alch/Erth      0%         N/A       100%        4
 Petrify                  Alch/Erth      0%         N/A       100%        4
 Irradiate                Conj/Alch      0%         3d11      100%        5
 Metabolic Englaciation   Hex/Ice        0%         N/A       100%        5
 Ignition                 Fire           0%         3d3       100%        8


Dungeon Overview and Level Annotations

Branches:
Dungeon (4/15)
 Temple: D:4-7

Altars:
Trog


Innate Abilities, Weirdness & Mutations

Your demonic aura sometimes causes spilled blood to erupt in flames.
You are mostly covered in razor-sharp scales. (AC +2, Slay +2)
You have a tail ending in a sharp stinger.


Message History

You barely miss the goblin.
Your tail-slap misses the goblin.
You block the goblin's attack.
You hit the goblin.
You kill the goblin!
You see here a +0 club.
e - 3 potions of attraction (gained 1)
A kobold comes into view. It is wielding a +0 dagger.
Found a stone staircase leading up.
The kobold shouts!
A kobold is nearby!
A kobold is nearby!
Found 2 gold pieces.
You see here a +2 helmet.
The kobold hits you but does no damage.
You see here 9 gold pieces.
You hit the kobold.
You kill the kobold!
You see here a +0 dagger.
You now have 142 gold pieces (gained 9).
You see here a +2 helmet.
You start putting on your armour.
You continue putting on your +2 helmet. x4
You finish putting on your +2 helmet.
You now have 144 gold pieces (gained 2).
You now have 157 gold pieces (gained 13).
s - a scroll labelled VAGRAFYNKURO You now have 163 gold pieces (gained 6).
An ogre comes into view. It is wielding a +0 giant club.
An ogre is nearby!
The ogre shouts!
You hear a shout!
An ogre comes into view. It is wielding a +0 giant club.
You barely miss the ogre. You block the ogre's attack.
You hit the ogre.
The ogre is moderately wounded.
The ogre hits you with a +0 giant club!!
Ouch! That really hurt!
You closely miss the ogre.
The ogre is moderately wounded.
You block the ogre's attack.
The ogre hits you with a +0 giant club!!
You die...

#. .. #. # #.#.
.#.### #..#
....... ..#
#...#.# #O#
#...#.#####@#
#......<..O.#
#####...#....).°##
..........^......#
.................+
................#
...#<..#÷.......##
♣.#.........#...#
♣.#...########.##


You could see 2 ogres.

Vanquished Creatures
  Sigmund (D:3)
  A hound (D:4)
  2 iguanas (D:4)
  Ijyb (D:3)
  Robin (D:2)
  A gnoll (D:1)
  3 adders
  2 ribbon worms (D:2)
  4 dart slugs
  An orc (D:3)
  5 ball pythons
  11 endoplasms
  3 giant cockroaches
  19 goblins
  7 hobgoblins
  8 jackals
  5 quokkas
  3 bats
  A frilled lizard (D:1)
  8 kobolds
  2 rats
89 creatures vanquished.

Notes
Turn   | Place    | Note
-------+----------+-------------------------------------------
     0 | D:1      | Silvore the Demonspawn Fighter began the quest for the Orb.
     0 | D:1      | Reached XP level 1. HP: 18/18 MP: 1/1
   121 | D:1      | Reached skill level 2 in Long Blades
   141 | D:1      | Gained mutation: You are partially covered in razor-sharp
                  | scales. (AC +1, Slay +1) [demonic ancestry]
   141 | D:1      | Reached XP level 2. HP: 19/24 MP: 2/2
   306 | D:1      | Gained mutation: You have a small tail. [demonic ancestry]
   306 | D:1      | Reached XP level 3. HP: 29/29 MP: 3/3
   933 | D:2      | Noticed Robin
   935 | D:2      | Gained mutation: You have a tail ending in a sharp stinger.
                  | [demonic ancestry]
   935 | D:2      | Reached XP level 4. HP: 32/35 MP: 4/4
  1067 | D:2      | Reached skill level 3 in Long Blades
  1406 | D:2      | Killed Robin
  1650 | D:3      | Found a faded altar of an unknown god.
  1757 | D:3      | Noticed Sigmund
  1762 | D:3      | Killed Sigmund
  1763 | D:3      | Reached skill level 4 in Long Blades
  1763 | D:3      | Gained mutation: You are mostly covered in razor-sharp
                  | scales. (AC +2, Slay +2) [demonic ancestry]
  1763 | D:3      | Reached XP level 5. HP: 28/41 MP: 5/5
  1763 | D:3      | Gained mutation: Your demonic aura sometimes causes spilled
                  | blood to erupt in flames. [demonic ancestry]
  1763 | D:3      | Reached XP level 6. HP: 32/47 MP: 6/6
  1884 | D:3      | Noticed Ijyb
  1891 | D:3      | Killed Ijyb
  2244 | D:3      | Found a bloodstained altar of Trog.
  2894 | D:4      | Reached skill level 1 in Dodging
  3024 | D:4      | Slain by an ogre

Illustrated notes

Levels and vault maps discovered:
D:1:      minmay_arrival_hallway, layout_basic
D:2:      layout_basic, hangedman_decor_growths, minmay_tetromino_s4, uniq_robin
D:3:      kennysheep_goblin_castle, layout_loops_ring,
          mainiacjoe_overflow_brackets, zin_statuary,
          ebering_ecumenical_altar_rust, uniq_sigmund, uniq_ijyb
D:4:      layout_loops_cross, lemuel_zombie_altar_kikubaaqudgha, serial_shops,
          kennysheep_little_box, nrook_campfire, saegor_snake_ambush

Skill      XL: |  1  2  3  4  5  6 |
---------------+-------------------+-----
Long Blades    | 2 4 |  4.8
Armour         | 3 |  3.9
Shields        | 3 |  3.3
Dodging        | 1 |  1.0
Fighting       | |  3.7
Stealth        | |  0.1

Action                     |  1- 3 |  4- 6 || total
---------------------------+-------+-------++-------
  Melee: Long sword        |   100 |   122 ||   222
         Tailslap          |     4 |     8 ||    12
    Use: Scroll            |     3 |     6 ||     9
 Armour: Scale mail        |    59 |       ||    59
         Chain mail        |    14 |   125 ||   139
  Dodge: Dodged            |    46 |    49 ||    95
  Block: Buckler           |    27 |    33 ||    60
